 Dungeon Crawl Stone Soup version 0.28-a0-1506-g3893175d92 (webtiles) character file.

Game seed: 4069332840761780195

42 fragbeetle the Digger (level 3, 0/20 HPs)
             Began as a Gargoyle Earth Elementalist on Jan 14, 2022.
             Slain by an orc priest (1 damage)
             ... on level 3 of the Dungeon.
             The game lasted 00:03:48 (1922 turns).

fragbeetle the Digger (Gargoyle Earth Elementalist) Turns: 1922, Time: 00:03:49

Health: 0/20       AC:  5    Str: 11    XL:     3   Next: 56%
Magic:  2/6        EV: 12    Int: 15    God:
Gold:   84         SH:  0    Dex: 12    Spells: 2/6 levels left

rFire   . . .      SeeInvis .   a - +0 dagger (elec)
rCold   . . .      Faith    .   (no shield)
rNeg    + . .      Spirit   .   b - +0 robe
rPois   ∞          Reflect  .   (no helmet)
rElec   +          Harm     .   (no cloak)
rCorr   .          Rampage  .   (no gloves)
Will    .....                   (no boots)
Stlth   ++........              (no amulet)
HPRegen 0.06/turn               (no ring)
MPRegen 0.10/turn               (no ring)

@: no status effects
A: sickness immunity, AC +3, negative energy resistance 1, electricity
resistance, torment resistance 1, petrification resistance
a: no special abilities


You were on level 3 of the Dungeon.
You visited 1 branch of the dungeon, and saw 3 of its levels.

You collected 84 gold pieces.

Inventory:

Hand Weapons
 a - a +0 dagger of electrocution (weapon)
Missiles
 c - 85 stones
Armour
 b - a +0 robe (worn)
Jewellery
 m - a ring of ice
Scrolls
 d - a scroll of amnesia {unknown}
 e - 2 scrolls of identify {unknown}
 f - a scroll of fear {unknown}
 i - a scroll of immolation {unknown}
 k - a scroll of teleportation {unknown}
 l - a scroll of blinking {unknown}
Potions
 g - a potion of might {unknown}
 h - 2 potions of attraction {unknown}
 j - a potion of heal wounds {unknown}


   Skills:
 + Level 1.3 Fighting
 + Level 1.9 Dodging
 - Level 2.1 Stealth
 - Level 2.0 Spellcasting
 + Level 0.0 Conjurations
 + Level 1.3 Transmutations
 * Level 4.4 Earth Magic


You had 2 spell levels left.
You knew the following spells:

 Your Spells              Type           Power      Damage    Failure   Level
a - Sandblast             Erth           28%        2d8       3%          1
b - Stone Arrow           Conj/Erth      16%        3d8       26%         3

Your spell library contained the following spells:

 Spells                   Type           Power      Damage    Failure   Level
 Passwall                 Tmut/Erth      8%         N/A       11%         2
 Gell's Gravitas          Tloc           1%         N/A       54%         3
 Teleport Other           Tloc           1%         N/A       54%         3
 Petrify                  Tmut/Erth      10%        N/A       56%         4
 Dispersal                Tloc           0%         N/A       100%        6


Dungeon Overview and Level Annotations

Branches:
Dungeon (3/15)

Altars:


Innate Abilities, Weirdness & Mutations

You are immune to sickness and miasma.
Your stone body is resilient. (AC +3)
You are immune to poison.
You resist negative energy. (rN+)
You are resistant to electric shocks. (rElec)
You are resistant to unholy torment.
You are immune to petrification.


Message History

Aim: an orc, wielding a +0 trident and wearing a +0 ring mail (moderately wounded, 82% to hit)
The blast of sand hits the orc but does no damage.
The orc is moderately wounded.
The orc closely misses you.
The blast of sand hits the orc but does no damage.
The orc is moderately wounded.
The orc hits you from afar with a +0 trident.
The blast of sand hits the orc.
The orc is heavily wounded.
The orc closely misses you.
Casting: Sandblast (safe; 3% risk of failure)
Confirm with . or Enter, or press ? or * to list all spells.
You don't have enough magic to cast this spell.
Unknown command.
Casting: Sandblast (safe; 3% risk of failure)
Confirm with . or Enter, or press ? or * to list all spells.
You don't know that spell.
Unknown command.
Unknown command.
The orc priest looks satisfied for a moment.
The orc priest hits you with a +0 dagger.
You barely miss the orc priest. The orc priest misses you.
The orc completely misses you.
You hit the orc priest but do no damage.
The orc priest hits you with a +0 dagger.
The orc hits you but does no damage.
You closely miss the orc priest.
The orc priest hits you with a +0 dagger.
The orc hits you from afar with a +0 trident.
* * * LOW HITPOINT WARNING * * *
You hit the orc priest.
The orc priest is lightly wounded.
The orc priest closely misses you.
The orc hits you from afar with a +0 trident.
* * * LOW HITPOINT WARNING * * *
You hit the orc priest but do no damage.
Lightning courses through the orc priest!
The orc priest is heavily wounded.
The orc priest hits you with a +0 dagger.
You die...

####### #.....# #######
####.....# #.....#
##........#####)....###
.......?..o.........'.+
##.#..#o#.#@........#.#
#... #.#o#........##
.....##.#.#o...###.#
.....(...............
........#.#.######.##.#
#######.#.#.# #.# #
#.#.#.# #.# #.#.#.# #.#
# #.#.#.######


You could see an orc priest and an orc.

Vanquished Creatures
  An adder (D:2)
  3 endoplasms
  A giant cockroach (D:2)
  5 goblins
  2 hobgoblins (D:2)
  3 jackals (D:1)
  2 kobolds
  A quokka (D:1)
  A ball python (D:2)
  6 bats
  4 frilled lizards
  3 rats
32 creatures vanquished.

Notes
Turn   | Place    | Note
-------+----------+-------------------------------------------
     0 | D:1      | fragbeetle the Gargoyle Earth Elementalist began the quest
                  | for the Orb.
     0 | D:1      | Reached XP level 1. HP: 10/10 MP: 3/3
   421 | D:1      | Reached skill level 1 in Transmutations
   421 | D:1      | Reached XP level 2. HP: 16/16 MP: 5/5
   459 | D:1      | Reached skill level 4 in Earth Magic
  1179 | D:2      | Found a faded altar of an unknown god.
  1240 | D:2      | Reached skill level 1 in Fighting
  1268 | D:2      | Reached XP level 3. HP: 20/20 MP: 6/6
  1896 | D:3      | Learned a level 3 spell: Stone Arrow
  1921 | D:3      | HP: 1/20 [orc (3)]
  1922 | D:3      | Slain by an orc priest

Illustrated notes

Levels and vault maps discovered:
D:1:      dpeg_arrival_leaves_temple_mockup, layout_basic
D:2:      layout_loops_ring, chequers_ecumenical_altar_simple
D:3:      layout_basic

Skill      XL: |  1  2 |
---------------+-------+-----
Transmutations | 1 |  1.3
Earth Magic    | 4 |  4.4
Fighting       | 1 |  1.3
Dodging        | |  1.9
Stealth        | |  2.1
Spellcasting   | |  2.0

Action                   || total
-------------------------++-------
Melee: Dagger            ||   109
       Unarmed           ||     2
 Cast: Sandblast         ||    10
 Stab: Sleeping          ||     6
Armor: Robe              ||    39
Dodge: Dodged            ||    79

Table legend: (Time is in decaauts)
 A = Elapsed time spent in this place.
 B = Non-inter-level travel time spent in this place.
 C = Inter-level travel time spent in this place.
 D = Time resting spent in this place.
 E = Time spent auto-exploring this place.
 F = Levels seen in this place.
 G = Mean time per level.
                   A        B        C        D        E       F      G
               +--------+--------+--------+--------+--------+-----+--------+
         Total |   1921 |   1838 |     83 |    128 |   1239 |   3 |  640.3 |
       Dungeon |   1921 |   1838 |     83 |    128 |   1239 |   3 |  640.3 |
               +--------+--------+--------+--------+--------+-----+--------+

Top non-repeatable levels by time:
     D:1: 1124 daAuts
     D:2: 723 daAuts
     D:3: 74 daAuts
